 Dungeon Crawl Stone Soup version 0.26.0-16-gc1dbca0489 (webtiles) character file.

Game seed: 5443593205996960758

147 vvl the Skirmisher (level 5, -4/46 HPs)
             Began as a Ghoul Fighter on Jan 20, 2021.
             Slain by a gnoll
             ... wielding a +1 vorpal halberd
              (5 damage)
             ... on level 3 of the Dungeon.
             The game lasted 00:05:02 (2461 turns).

vvl the Skirmisher (Ghoul Fighter)                  Turns: 2461, Time: 00:05:02

Health: -4/46      AC:  6    Str: 21    XL:     5   Next: 29%
Magic:  4/4        EV:  4    Int:  3    God:
Gold:   137        SH:  0    Dex:  8    Spells: 4/4 levels left

rFire    . . .     SeeInvis .   s - +2 dagger (venom)
rCold    + . .     Faith    .   c - +0 kite shield
rNeg     + + +     Spirit   .   b - +0 scale mail
rPois    ∞         Reflect  .   (no helmet)
rElec    .         Harm     .   (no cloak)
rCorr    .         Rampage  .   (no gloves)
Will     .....                  (no boots)
Stlth    ..........             (no amulet)
HPRegen  0.00/turn              (no ring)
MPRegen  0.09/turn              (no ring)

@: held
A: claws 1, cold resistance 1, negative energy resistance 3, inhibited
regeneration, torment resistance, unbreathing
a: no special abilities


You were on level 3 of the Dungeon.
You visited 1 branch of the dungeon, and saw 3 of its levels.

You collected 137 gold pieces.

Inventory:

Hand Weapons
 a - a +0 war axe
 s - a +2 dagger of venom (weapon)
Armour
 b - a +0 scale mail (worn)
 c - a +0 kite shield (worn)
Jewellery
 k - a cursed +4 ring of slaying {unknown}
 r - a +6 ring of strength {unknown}
Scrolls
 e - 4 scrolls of fear {unknown}
 f - 2 scrolls of teleportation {unknown}
 j - 2 scrolls of remove curse {unknown}
 m - a scroll of magic mapping {unknown}
 n - a scroll of noise {unknown}
 p - a scroll of enchant armour {unknown}
Potions
 d - a potion of might
 g - 3 potions of mutation {unknown}
 h - a potion of berserk rage {unknown}
 i - a potion of curing {unknown}
 l - a potion of degeneration {unknown}
 o - a potion of attraction {unknown}
 q - a potion of flight {unknown}


   Skills:
 + Level 4.1 Fighting
 + Level 2.7 Axes
 + Level 3.4 Armour
 + Level 3.4 Shields
 * Level 1.3 Necromancy


You had 4 spell levels left.
You didn't know any spells.
Your spell library was empty.

Dungeon Overview and Level Annotations

Branches:
Dungeon (3/15)

Altars:
Fedhas
Wu Jian


Innate Abilities, Weirdness & Mutations

You thrive by killing the living.
You are immune to poison.
You have sharp fingernails.
Your flesh is cold resistant. (rC+)
You are immune to negative energy. (rN+++)
You do not regenerate when monsters are visible.
You are immune to unholy pain and torment.
You can survive without breathing.


Message History

You are too injured to fight recklessly!
You are too injured to fight recklessly!
You hit the gnoll.
The gnoll is moderately wounded.
You block the gnoll's attack. The gnoll hits you with a +0 club.
You completely miss the gnoll.
The gnoll is moderately wounded.
The gnoll hits you from afar with a +1 vorpal halberd!
* * * LOW HITPOINT WARNING * * *
x2 The gnoll hits you with a +0 club.
* * * LOW HITPOINT WARNING * * *
The gnoll throws a throwing net.
The throwing net hits you.
You become entangled in the net!
You see here a throwing net.
You struggle against the net.
You struggle against the net.
The gnoll hits you but does no damage.
You struggle against the net.
The gnoll hits you with a +0 club.
* * * LOW HITPOINT WARNING * * *
The gnoll hits you from afar with a +1 vorpal halberd.
You die...

#..##..#.# #.##.#.#.# #.#
##..##..#.# #.##.#.#.# #.#
#...##.##.###.##.#.#.# #.#
.......##.#..........##### #.#
.....#.##.#.#.##.#.......# #g#
...#...##.#...<#.#.#.###.# #g#
...................#.# #.# #.#
....#............#.#.###.#####.#
...............#@#.#...........#
....#..##.)......ggg...#.#######
.##.#..##......#.......#.#
...................##..#.#
.#..##.#...............#.#
.#...[>........##..##..#.# ###
.#..##.#.....#.##..##..#.# #.#
.#..#..................#.######.#
.#..#..#...............#........#


You could see 3 gnolls.

Vanquished Creatures
  A gnoll (D:3)
  7 adders
  An ooze (D:1)
  3 leopard geckos
  4 orcs (D:3)
  2 ball pythons
  6 giant cockroaches
  9 goblins
  7 hobgoblins
  A bat (D:1)
  6 frilled lizards
  7 kobolds
  9 rats
63 creatures vanquished.

Vanquished Creatures (others)
  2 plants (D:2)
2 creatures vanquished.

Grand Total: 65 creatures vanquished

Notes
Turn   | Place    | Note
-------+----------+-------------------------------------------
     0 | D:1      | vvl the Ghoul Fighter began the quest for the Orb.
     0 | D:1      | Reached XP level 1. HP: 19/19 MP: 0/0
   174 | D:1      | Reached XP level 2. HP: 26/26 MP: 1/1
   628 | D:1      | Reached XP level 3. HP: 31/31 MP: 2/2
  1096 | D:2      | Reached XP level 4. HP: 34/40 MP: 3/3
  1297 | D:2      | Reached skill level 4 in Fighting
  1391 | D:2      | Found a blossoming altar of Fedhas.
  1422 | D:2      | Found an ornate altar of the Wu Jian Council.
  1510 | D:2      | Reached skill level 1 in Necromancy
  1870 | D:3      | Reached XP level 5. HP: 45/46 MP: 4/4
  2461 | D:3      | HP: 1/46 [gnoll/+0 club (2)]
  2461 | D:3      | Slain by a gnoll

Illustrated notes

Levels and vault maps discovered:
D:1:      minmay_arrival_up_and_down, layout_loops_cross
D:2:      cheibrodos_old_hovel, layout_loops_ring, general_overflow_altar,
          lemuel_doored_altar
D:3:      layout_basic

Skill      XL: |  1  2  3  4 |
---------------+-------------+-----
Axes           | 2 |  2.7
Shields        | 3 |  3.4
Armour         | 3 |  3.4
Fighting       | 4 |  4.1
Necromancy     | 1 |  1.3

Action                   |  1- 3 |  4- 6 || total
-------------------------+-------+-------++-------
Melee: War axe           |   113 |   105 ||   218
       Dagger            |       |    27 ||    27
Armor: Scale mail        |    40 |    45 ||    85
Dodge: Dodged            |    36 |    35 ||    71
Block: Kite shield       |    40 |    68 ||   108
